 Dungeon Crawl Stone Soup version 0.29.0-4-gdea44cf6ec (webtiles) character file.

Game seed: 3683658482835926322

396 qw the Chopper (level 6, -11/37 HPs)
             Began as a Tengu Warper on Aug 28, 2022.
             Was an Initiate of Okawaru.
             Killed from afar by a steam dragon (12 damage)
             ... with a ball of steam
             ... on level 5 of the Dungeon.
             The game lasted 00:00:27 (4122 turns).

qw the Chopper (Tengu Warper)                       Turns: 4122, Time: 00:00:27

Health: -11/37     AC:  9    Str: 13    XL:     6   Next: 83%
Magic:  10/10      EV: 15    Int: 13    God:    Okawaru [......]
Gold:   259        SH:  0    Dex: 14    Spells: 9/9 levels left

rFire   . . .      SeeInvis .   Y - +0 hand axe
rCold   + . .      Faith    .   (no shield)
rNeg    . . .      Spirit   .   d - +0 scale mail
rPois   .          Reflect  .   (helmet restricted)
rElec   .          Harm     .   (no cloak)
rCorr   .          Rampage  .   p - +2 pair of gloves
Will    .....                   (boots unavailable)
Stlth   ..........              (no amulet)
HPRegen 0.12/turn               a - +4 ring of evasion
MPRegen 0.12/turn               o - ring of protection from cold

@: flying quickly and evasively, quick
A: beak, talons 3, nimble flight
a: Renounce Religion


You were on level 5 of the Dungeon.
You worshipped Okawaru.
Okawaru was noncommittal.
You visited 2 branches of the dungeon, and saw 6 of its levels.

You collected 259 gold pieces.


Innate Abilities, Weirdness & Mutations

You have a beak for a mouth.
You have claws for feet.
Your magical nature lets you fly swiftly and evasively.


   Skills:
 - Level 3.1 Fighting
 + Level 7.2 Axes
 - Level 1.0 Throwing
 - Level 1.1 Armour
 - Level 2.1 Dodging
 - Level 2.0 Spellcasting
 - Level 2.4 Translocations


You had 9 spell levels left.
You didn't know any spells.
Your spell library contained the following spells:

 Spells                   Type           Power      Damage    Failure   Level
 Blink                    Tloc           14%        N/A       56%         2
 Gell's Gravitas          Tloc           7%         N/A       80%         3
 Lesser Beckoning         Tloc           7%         N/A       80%         3
 Teleport Other           Tloc           7%         N/A       80%         3
 Manifold Assault         Tloc           7%         N/A       100%        5

Inventory:

Hand Weapons
 g - a +0 whip
 Y - a +0 hand axe (weapon)
Armour
 d - a +0 scale mail (worn)
 p - a +2 pair of gloves (worn)
Jewellery
 a - a +4 ring of evasion (left hand)
 b - a ring of resist corrosion
 o - a ring of protection from cold (right hand)
Scrolls
 h - a scroll of fog {unknown}
 l - a scroll of identify
Potions
 c - a potion of might
 e - a potion of haste
 f - a potion of brilliance {unknown}
 i - a potion of attraction {unknown}
 j - a potion of mutation {unknown}
 m - a potion of lignification {unknown}

Dungeon Overview and Level Annotations

Branches:
Dungeon (5/15)             Temple (1/1) D:4

Altars:
Ashenzari
Cheibriados
Dithmenos
Elyvilon
Gozag
Hepliaklqana
Kikubaaqudgha
Nemelex Xobeh
Okawaru
Qazlal
Ru
Sif Muna
Trog
Uskayaw
Vehumet
Wu Jian


Message History

You see here 4 gold pieces.
Enter note:
4114 ||| Stepping ~*~*~tactically~*~*~ (hiding).
The steam dragon misses you.
The steam dragon claws you but does no damage.
You hit the steam dragon. Your kick misses the steam dragon.
The steam dragon is lightly wounded.
The ufetubus hits you but does no damage.
The ufetubus closely misses you. The steam dragon breathes steam at you.
The ball of steam hits you!
You hit the steam dragon but do no damage.
The steam dragon is lightly wounded.
You hit the ufetubus.
You are engulfed in a cloud of scalding steam.
The ufetubus closely misses you. The ufetubus barely misses you.
You completely miss the steam dragon.
The steam dragon is lightly wounded.
You hit the ufetubus.
You are engulfed in a cloud of scalding steam.
The steam dragon bites you but does no damage.
The steam dragon claws you but does no damage.
The ufetubus closely misses you.
The ufetubus hits you but does no damage.
You barely miss the ufetubus.
The ufetubus is heavily wounded.
You hit the steam dragon.
You are engulfed in a cloud of scalding steam.
The ufetubus misses you. The ufetubus barely misses you.
The steam dragon closely misses you.
The steam dragon claws you but does no damage.
The ufetubus misses you. The ufetubus closely misses you.
You miss the ufetubus. You claw the ufetubus.
You kill the ufetubus!
Okawaru accepts your kill.
You hit the steam dragon.
You are engulfed in a cloud of scalding steam.
The steam dragon breathes steam at you. The ball of steam hits you!
You die...

......####..........## .
#..............#.....###..
...............#.(........
#.##.......##.............
#.........####.#........#
#.......#.##....¤.......#
#...###?......##.#$.....#
.... .....#.##.¤.....###
.... .#..#### ##@..##....#
#D.## .... ...# ... .....
.. ....#.. . .#...#...
..#........ .. ...#......


You could see a steam dragon (catching breath).

Vanquished Creatures
  A scorpion (D:5)
  A howler monkey (D:4)
  2 hounds (D:5)
  Natasha (twice) (D:2)
  10 adders
  A white imp (D:5)
  2 ufetubi
  4 worms
  3 dart slugs
  2 orcs
  9 ball pythons
  8 bats
  9 endoplasms
  A giant cockroach (D:1)
  4 hobgoblins
  6 kobolds
  3 quokkas
  4 frilled lizards
  9 goblins
  4 rats
85 creatures vanquished.

Vanquished Creatures (others)
  5 toadstools (D:1)
5 creatures vanquished.

Grand Total: 90 creatures vanquished

Notes
Turn   | Place    | Note
-------+----------+-------------------------------------------
     0 | D:1      | qw the Tengu Warper began the quest for the Orb.
     0 | D:1      | Reached XP level 1. HP: 12/12 MP: 4/4
     0 | D:1      | 0 ||| qw: Version: 0.1-a-89-g26bdef1
     0 | D:1      | 0 ||| qw: Game counter: 254
     0 | D:1      | 0 ||| qw: Always use a shield: true
     0 | D:1      | 0 ||| qw: God list: Okawaru
     0 | D:1      | 0 ||| qw: Allow faded altars: false
     0 | D:1      | 0 ||| qw: Do Orc after D:15 true
     0 | D:1      | 0 ||| qw: Do second Lair branch before Depths: true
     0 | D:1      | 0 ||| qw: Lair rune preference: random
     0 | D:1      | 0 ||| qw: Plans: Normal
     0 | D:1      | 0 ||| PLANNING D:1-11
    12 | D:1      | 12 ||| Stepping ~*~*~tactically~*~*~ (stealth).
    14 | D:1      | 14 ||| Stepping ~*~*~tactically~*~*~ (stealth).
    16 | D:1      | 16 ||| Stepping ~*~*~tactically~*~*~ (stealth).
    40 | D:1      | 40 ||| Stepping ~*~*~tactically~*~*~ (stealth).
    41 | D:1      | 41 ||| Stepping ~*~*~tactically~*~*~ (stealth).
    63 | D:1      | Reached XP level 2. HP: 17/17 MP: 6/6
    86 | D:1      | Reached skill level 3 in Axes
   178 | D:1      | 178 ||| DROPPING +0 club.
   678 | D:1      | 678 ||| Stepping ~*~*~tactically~*~*~ (stealth).
   682 | D:1      | 682 ||| Stepping ~*~*~tactically~*~*~ (stealth).
   689 | D:1      | Reached XP level 3. HP: 17/21 MP: 7/7
   995 | D:1      | 995 ||| UPGRADING to +0 scale mail.
  1005 | D:1      | 1005 ||| DROPPING +0 leather armour.
  1006 | D:1      | 1006 ||| UPGRADING to ring of protection from cold.
  1007 | D:1      | 1007 ||| READING scroll labelled OVYOWI QODUNATA.
  1008 | D:1      | 1008 ||| READING 2 scrolls labelled YWUWUZI SALYSKESE.
  1009 | D:1      | 1009 ||| READING scroll labelled ILONTE UMEKUUQUF.
  1010 | D:1      | 1010 ||| READING scroll labelled CEFIVI FA DUIXT.
  1011 | D:1      | 1011 ||| Stepping ~*~*~tactically~*~*~ (stealth).
  1012 | D:1      | 1012 ||| DROPPING scroll of blinking.
  1048 | D:2      | Reached skill level 4 in Axes
  1508 | D:2      | Reached XP level 4. HP: 26/26 MP: 8/8
  1589 | D:2      | 1589 ||| Stepping ~*~*~tactically~*~*~ (stealth).
  1596 | D:2      | 1596 ||| Stepping ~*~*~tactically~*~*~ (stealth).
  1611 | D:2      | 1611 ||| Stepping ~*~*~tactically~*~*~ (stealth).
  1656 | D:2      | 1656 ||| Stepping ~*~*~tactically~*~*~ (stealth).
  1661 | D:2      | 1661 ||| Stepping ~*~*~tactically~*~*~ (hiding).
  1899 | D:2      | Noticed Natasha
  1908 | D:2      | Killed Natasha
  1909 | D:2      | Reached skill level 5 in Axes
  1934 | D:2      | 1934 ||| UPGRADING to ring of resist corrosion.
  1935 | D:2      | 1935 ||| READING scroll labelled BUES NUSAFIH.
  1936 | D:2      | 1936 ||| READING scroll labelled KAKKURUFIR.
  1941 | D:2      | 1941 ||| DRINKING 2 viscous red potions.
  1946 | D:2      | Noticed Natasha
  1958 | D:2      | HP: 4/26 [Natasha/magic dart (7)]
  1959 | D:2      | 1959 ||| DRINKING potion of heal wounds.
  1960 | D:2      | Killed Natasha
  1961 | D:2      | Gained mutation: Your magical nature lets you fly swiftly
                  | and evasively. [Tengu growth]
  1961 | D:2      | Reached XP level 5. HP: 30/30 MP: 9/9
  1991 | D:3      | 1991 ||| PLANNING SEWER
  2002 | D:3      | Found a faded altar of an unknown god.
  2260 | D:3      | Found a bloodstained altar of Trog.
  2264 | D:3      | Found a radiant altar of Vehumet.
  2333 | D:3      | 2333 ||| FLEEEEING.
  2366 | D:3      | 2366 ||| Stepping ~*~*~tactically~*~*~ (stealth).
  2561 | D:3      | Found a glowing drain.
  2562 | D:3      | 2562 ||| UPGRADING to +0 pair of gloves.
  2567 | D:3      | 2567 ||| READING 2 scrolls of enchant armour.
  2567 | D:3      | 2567 ||| ENCHANTING +0 pair of gloves.
  2568 | D:3      | 2568 ||| READING scroll of enchant armour.
  2568 | D:3      | 2568 ||| ENCHANTING +1 pair of gloves.
  2569 | D:3      | 2569 ||| UPGRADING to +4 ring of evasion.
  2571 | D:3      | 2571 ||| UPGRADING to ring of protection from cold.
  2573 | D:3      | 2573 ||| DRINKING 2 smoky white potions.
  2574 | D:3      | 2574 ||| READING 2 scrolls of identify.
  2574 | D:3      | 2574 ||| IDENTIFYING metallic blue potion
  2575 | D:3      | 2575 ||| DROPPING potion of ambrosia.
  2576 | D:3      | 2576 ||| DROPPING potion of degeneration.
  2581 | D:3      | 2581 ||| Stepping randomly (stuck).
  2582 | D:3      | 2582 ||| Stepping randomly (stuck).
  2583 | D:3      | 2583 ||| Stepping randomly (stuck).
  2584 | D:3      | 2584 ||| Stepping randomly (stuck).
  2585 | D:3      | 2585 ||| Stepping randomly (stuck).
  2586 | D:3      | 2586 ||| Stepping randomly (stuck).
  2588 | D:3      | 2588 ||| Stepping randomly (stuck).
  2589 | D:3      | 2589 ||| Stepping randomly (stuck).
  2590 | D:3      | 2590 ||| Stepping randomly (stuck).
  2591 | D:3      | 2591 ||| Stepping randomly (stuck).
  2592 | D:3      | 2592 ||| Stepping randomly (stuck).
  2593 | D:3      | 2593 ||| Stepping randomly (stuck).
  2605 | D:3      | Reached skill level 6 in Axes
  2678 | D:3      | 2678 ||| RIP SEWER
  2732 | D:3      | 2732 ||| PLANNING D:1-11
  2910 | D:3      | 2910 ||| Stepping randomly (stuck).
  3128 | D:4      | 3128 ||| Stepping ~*~*~tactically~*~*~ (hiding).
  3242 | D:4      | Found a staircase to the Ecumenical Temple.
  3243 | D:4      | 3243 ||| PLANNING TEMPLE
  3243 | D:4      | 3243 ||| READING scroll labelled VAYXKU NEHUEC.
  3251 | Temple   | Entered the Ecumenical Temple
  3309 | Temple   | Became a worshipper of Warmaster Okawaru
  3314 | Temple   | 3314 ||| PLANNING D:1-11
  3486 | D:4      | 3486 ||| Stepping ~*~*~tactically~*~*~ (stealth).
  3495 | D:4      | Reached XP level 6. HP: 33/35 MP: 10/10
  3864 | D:4      | 3864 ||| READING scroll labelled FID IDI WET.
  3865 | D:4      | 3865 ||| READING 3 scrolls of identify.
  3865 | D:4      | 3865 ||| IDENTIFYING grey potion
  3866 | D:4      | 3866 ||| READING 2 scrolls of identify.
  3866 | D:4      | 3866 ||| IDENTIFYING coppery potion
  3867 | D:4      | 3867 ||| READING scroll of teleportation.
  3878 | D:3      | Found a hide-covered altar of Uskayaw.
  3878 | D:3      | Found a shadowy altar of Dithmenos.
  3901 | D:5      | Entered Level 5 of the Dungeon
  3912 | D:5      | Reached skill level 7 in Axes
  3917 | D:5      | 3917 ||| FLEEEEING.
  3918 | D:5      | 3918 ||| FLEEEEING.
  3919 | D:5      | 3919 ||| STAIRDANCE
  3987 | D:5      | 3987 ||| Stepping ~*~*~tactically~*~*~ (hiding).
  4040 | D:5      | Reached skill level 3 in Fighting
  4069 | D:5      | 4069 ||| Stepping ~*~*~tactically~*~*~ (stealth).
  4070 | D:5      | 4070 ||| Stepping ~*~*~tactically~*~*~ (stealth).
  4072 | D:5      | 4072 ||| Stepping ~*~*~tactically~*~*~ (stealth).
  4113 | D:5      | Noticed a steam dragon
  4114 | D:5      | 4114 ||| Stepping ~*~*~tactically~*~*~ (hiding).
  4121 | D:5      | HP: 2/37 [steam dragon] (12)]
  4122 | D:5      | Killed from afar by a steam dragon

Levels and vault maps discovered:
D:1:      ldierk_walled_garden, layout_loops_ring
D:2:      layout_rooms, grunt_decor_arrowhead, uniq_natasha
D:3:      layout_basic, nicolae_overflow_hidden_temple,
          hellmonk_ecumenical_altar_arch_garden, cheibrodos_sewer_entry_bend,
          minmay_fractal_squares_gapless_5
D:4:      layout_basic, minmay_temple_entry_grid
D:5:      layout_cave_pools, doesnt_xom_only_xom, lemuel_doored_altar,
          minmay_misc_feat_five
Temple:   nicolae_temple_hex_pool

Skill      XL: |  1  2  3  4  5  6 |
---------------+-------------------+-----
Axes           | 3 4 5 6 7 |  7.2
Fighting       | 3 |  3.1
Throwing       | |  1.0
Armour         | |  1.1
Dodging        | |  2.1
Spellcasting   | |  2.0
Translocations | |  2.4

Action                   |  1- 3 |  4- 6 || total
-------------------------+-------+-------++-------
Melee: Hand axe          |    81 |   132 ||   213
       Kick              |    17 |    37 ||    54
       Peck              |    12 |    21 ||    33
Throw: Boomerang         |     7 |       ||     7
  Use: Scroll            |     4 |    10 ||    14
       Potion            |       |     3 ||     3
Armor: Leather armour    |    11 |       ||    11
       Scale mail        |    13 |    43 ||    56
Dodge: Dodged            |    37 |    67 ||   104

Table legend:
 A = Non-vault XP
 B = Vault XP
 C = Vault XP percentage of total XP
 D = Non-vault monster count
 E = Vault monster count
 F = Vault count percentage of total count
                 A         B        C        D         E       F
            +---------+---------+-------+---------+---------+-------
      Total |     510 |      65 |  11.3 |      78 |       7 |   8.2
            +---------+---------+-------+---------+---------+-------
        D:1 |      44 |       0 |   0.0 |      28 |       0 |   0.0
        D:2 |     101 |      36 |  26.3 |      22 |       1 |   4.3
        D:3 |      20 |      29 |  59.2 |       6 |       6 |  50.0
        D:4 |     139 |       0 |   0.0 |      12 |       0 |   0.0
        D:5 |     206 |       0 |   0.0 |      10 |       0 |   0.0
            +---------+---------+-------+---------+---------+-------
